 Dungeon Sprint DCSS version 0.30.1-4-g462c640d31 (webtiles) character file.

Game seed: 2056918759031999921

21732 Heoruswealwe the Ninja (level 12, -15/69 HPs)
             Began as a Spriggan Artificer on Sept 1, 2023.
             Was an Initiate of Gozag.
             Demolished by Tiamat
             ... wielding a +1 demon trident of venom
              (63 damage)
             ... in the Dungeon (Sprint I: "Red Sonja").
             The game lasted 01:02:23 (3319 turns).

Heoruswealwe the Ninja (Spriggan Artificer)         Turns: 3319, Time: 01:02:31

Health: -15/69     AC:  5    Str: 12    XL:     12   Next: 56%
Magic:  22/22      EV: 31    Int: 20    God:    Gozag
Gold:   1390       SH:  0    Dex: 19    Spells: 11/11 levels left

rFire   + . .        a - +4 short sword (speed)
rCold   . . .        (no shield)
rNeg    + + .        c - +2 robe "Ompocymerph" {rF+ rCorr Str+4}
rPois   .            (helmet restricted)
rElec   +            h - +0 cloak {Will+}
rCorr   +            (gloves unavailable)
SInv    +            (boots unavailable)
Will    +++..        (no amulet)
Stlth   ++++++++++   l - ring of flight
HPRegen 0.31/turn    j - ring of Otrarupu {rElec rN++ rCorr MP+9 Int+6}
MPRegen 0.18/turn

%: no teleportation
@: lethally poisoned (-15 -> -17), flying, very quick
A: very small, no large weapons, unfitting armour, see invisible, speed 3
a: Renounce Religion, Potion Petition, Call Merchant, Bribe Branch


You were in the Dungeon.
You worshipped Gozag.
Gozag was most pleased with you.
You visited 1 branch You collected 10358 gold pieces.
You spent 8932 gold pieces at shops.
You donated 36 gold pieces to Zin.

Inventory:

Hand Weapons
 a - a +4 short sword of speed (weapon)
Armour
 c - the +2 robe "Ompocymerph" (worn) {rF+ rCorr Str+4}
   (You bought it in a shop in the Dungeon)

   Str:       It affects your strength (+4).
   rF:        It protects you from fire.
   rCorr:     It protects you from acid and corrosion.
 h - a +0 cloak of willpower (worn)
Jewellery
 j - the ring of Otrarupu (right hand) {rElec rN++ rCorr MP+9 Int+6}
   (You bought it in a shop in the Dungeon)

   [ring of intelligence]

   Int:       It affects your intelligence (+6).
   rElec:     It insulates you from electricity.
   rN:        It greatly protects you from negative energy.
   MP:        It affects your magic capacity (+9).
   rCorr:     It protects you from acid and corrosion.
 k - a ring of poison resistance
 l - a ring of flight (left hand)
Wands
 b - a wand of flame (6) (quivered)
 d - a wand of charming (15)
 e - a wand of light (4)
 u - a wand of digging (6)
 x - a wand of polymorph (6)
Scrolls
 i - 3 scrolls of brand weapon
 m - a scroll of silence
 o - 2 scrolls of enchant armour
 y - 2 scrolls of blinking
 A - a scroll of enchant weapon {unknown}
 B - a scroll of amnesia {unknown}
Potions
 f - 14 potions of curing
 g - 4 potions of heal wounds
 n - 2 potions of flight
 s - 7 potions of mutation
 v - a potion of haste
 w - 3 potions of cancellation
 C - 3 potions of ambrosia
 D - 2 potions of invisibility
 E - 2 potions of might
Miscellaneous
 q - a box of beasts (inert)
 r - a lightning rod (3/4)
 F - a phantom mirror (inert)


   Skills:
 + Level 10.9 Fighting
 + Level 13.9 Short Blades
 + Level 16.5 Dodging
 O Level 27 Stealth
 * Level 22.0 Evocations


You had 11 spell levels left.
You didn't know any spells.
Your spell library contained the following spells:

 Spells                   Type           Power      Damage    Failure   Level
 Apportation              Tloc           0%         N/A       19%         1
 Freeze                   Ice            0%         1d3       19%         1
 Sting                    Tmut/Pois      0%         1d3       19%         1
 Poisonous Vapours        Pois/Air       0%         N/A       28%         2
 Frozen Ramparts          Ice            0%         1d1       50%         3
 Hailstorm                Conj/Ice       0%         3d3       50%         3
 Stone Arrow              Conj/Erth      0%         3d7       50%         3
 Animate Armour           Summ/Erth      0%         N/A       88%         4
 Olgreb's Toxic Radiance  Pois           0%         N/A       88%         4
 Alistair's Intoxication  Tmut/Pois      0%         N/A       99%         5
 Lehudib's Crystal Spear  Conj/Erth      0%         10d2      100%        8


Dungeon Overview and Level Annotations

Branches:
Dungeon (1/1)

Altars:
Cheibriados
Dithmenos
Elyvilon
Fedhas
Gozag
Hepliaklqana
Kikubaaqudgha
Makhleb
Nemelex Xobeh
Okawaru
Qazlal
Ru
Sif Muna
Trog
Uskayaw
Vehumet
Wu Jian
Xom
Yredelemnul
Zin
The Shining One
Jiyva
Lugonu

Shops:
D **((!=:*[!=!:![[=[**

Annotations:
D Tiamat


Innate Abilities, Weirdness & Mutations

You are very small and have problems with some larger weapons.
You are too small for most types of armour.
You have supernaturally acute eyesight. (SInv)
You cover ground extremely quickly. (Speed+++)


Message History

Tiamat is lightly wounded.
You feel very sick.
Your primal firebat beast is engulfed in poison gas.
Your primal firebat beast is poisoned.
Your primal firebat beast hits Tiamat!
Tiamat hits your primal firebat beast with a +1 demon trident of venom!
Your primal firebat beast looks as sick as possible!
Tiamat tail-slaps your primal firebat beast!!!
Tiamat tail-slaps your primal firebat beast but does no damage.
You feel sick.
Your primal firebat beast hits Tiamat but does no damage.
What are your orders? t - Shout!
Orders for allies: a - Attack new target. p - Attack previous target. r - Retreat! s - Stop attacking. g - Guard the area. f - Follow me.
Anything else - Cancel.
Gang up on whom?
Press: ? - help, Dir - move target, f/p - Tiamat
Aim: Tiamat, wielding a +1 demon trident of venom and wearing the +4 dragonskin cloak (lightly wounded, ally target) Attack!
You feel sick.
Your primal firebat beast hits Tiamat!
Tiamat hits your primal firebat beast with a +1 demon trident of venom!!!
Your primal firebat beast looks as sick as possible!
Tiamat tail-slaps your primal firebat beast.
Your primal firebat beast hits Tiamat.
You feel sick.
Your primal firebat beast closely misses Tiamat.
Aiming: Throw Flame
Press: ? - help, Shift-Dir - straight line, f/p - Tiamat
Aim: Tiamat, wielding a +1 demon trident of venom and wearing the +4 dragonskin cloak (lightly wounded, ally target, 78% to hit)
The puff of flame misses Tiamat.
You feel sick.
Your primal firebat beast hits Tiamat but does no damage.
Tiamat misses you.
As you read the scroll of summoning, it crumbles to dust.
Wisps of shadow whirl around you...
You feel sick.
Your primal firebat beast hits Tiamat but does no damage.
Tiamat hits you from afar with a +1 demon trident of venom!!!
Ouch! That really hurt!
You die...
Your body crumbles into a pile of gold.

......[###.+§#..)###++##.##..$#,,
....'..#.###§#..###..###..#+###,,
.'.....'.∩##§#..####..###...#,~,,
........####.##'#..#?.#.###.#,~,,
###.......##.##.#.........#.#**,,
#.#........+.####.°°°.°°..#.#,+,,
..#'''######§#.)+...°.°####'#,**+
(.#........#§#####...###....#,*~~
###.......#+§#.g@#####...####,*~~
?}?......~####J.B..))..###,,,^*~~
[[?.....~~##[.(Hdb.#####,,,,****~
......~~~###??....##,^^,,,,,*$$*+
#..~~~~### #)...d##,,,,,,,,,*$$$*
'######'####.....#,^,,,,,,^,*$$$$
########∩∩######.#####,,,^^,*$$$$
∩∩∩∩∩∩∩∩∩###≈≈≈≈≈≈§d.#,,^^,,*****
########## #####.#####,,^,,,+,,*,


You could see Tiamat (ally target), the friendly Tiamat (summoned, drained), a
friendly primal firebat beast (summoned, extremely poisoned), a friendly
endoplasm (summoned), a friendly giant cockroach (summoned), a friendly goblin
(summoned) and a friendly bat (summoned, wandering).

Vanquished Creatures
  A golden dragon (D)
  A shadow dragon (D)
  4 fire giants (D)
  A lorocyproca (D)
  A hydra (D)
  2 centaur warriors (D)
  Sonja (D)
  A deep troll (D)
  A lindwurm (D)
  8 shining eyes (D)
  An oklob plant (D)
  A demonic crawler (D)
  A gargoyle (D)
  2 kobold demonologists (D)
  7 unseen horrors (D)
  A meliai (D)
  A hornet (D)
  Sigmund (D)
  A slime creature (D)
  A yak (D)
  13 hogs (D)
  2 redbacks (D)
  7 floating eyes (D)
  An ogre (D)
  7 necrophages (D)
  8 jellies (D)
  Ijyb (D)
  A ballistomycete spore (D)
78 creatures vanquished.

Vanquished Creatures (collateral kills)
  3 demonic crawlers (D)
3 creatures vanquished.

Vanquished Creatures (others)
  A ballistomycete spore (D)
1 creature vanquished.

Grand Total: 82 creatures vanquished

Notes
Turn   | Place    | Note
-------+----------+-------------------------------------------
     0 | D        | Heoruswealwe the Spriggan Artificer began the quest for the
                  | Orb.
     0 | D        | Reached XP level 1. HP: 9/9 MP: 2/2
     1 | D        | Noticed Ijyb
    14 | D        | Killed Ijyb
    15 | D        | Reached skill level 8 in Stealth
    15 | D        | Reached XP level 2. HP: 8/14 MP: 3/3
    70 | D        | Noticed an ogre
    78 | D        | Killed an ogre
    79 | D        | Reached skill level 13 in Stealth
    79 | D        | Reached XP level 3. HP: 17/17 MP: 4/4
    79 | D        | Reached XP level 4. HP: 21/21 MP: 5/5
    93 | D        | Noticed Sigmund
    96 | D        | Killed Sigmund
    97 | D        | Reached skill level 18 in Stealth
    97 | D        | Reached XP level 5. HP: 25/25 MP: 6/6
    97 | D        | Reached XP level 6. HP: 29/29 MP: 7/7
   108 | D        | Found an ornate altar of the Wu Jian Council.
   108 | D        | Found a shimmering blue altar of Sif Muna.
   110 | D        | Found a radiant altar of Vehumet.
   115 | D        | Reached skill level 19 in Stealth
   144 | D        | Found Conegi's Antique Weapon Emporium.
   144 | D        | Found an ancient bone altar of Kikubaaqudgha.
   144 | D        | Found a hazy altar of Hepliaklqana.
   144 | D        | Found a stormy altar of Qazlal.
   144 | D        | Found a hide-covered altar of Uskayaw.
   144 | D        | Found a blossoming altar of Fedhas.
   144 | D        | Found a bloodstained altar of Trog.
   144 | D        | Found an iron altar of Okawaru.
   144 | D        | Found a basalt altar of Yredelemnul.
   144 | D        | Found a glowing golden altar of the Shining One.
   144 | D        | Found a snail-covered altar of Cheibriados.
   144 | D        | Found a sacrificial altar of Ru.
   144 | D        | Found a glowing silver altar of Zin.
   144 | D        | Found a shadowy altar of Dithmenos.
   144 | D        | Found a white marble altar of Elyvilon.
   144 | D        | Noticed a yak
   145 | D        | Found an opulent altar of Gozag.
   146 | D        | Killed a yak
   147 | D        | Reached skill level 21 in Stealth
   147 | D        | Found a sparkling altar of Nemelex Xobeh.
   152 | D        | Became a worshipper of Zin the Law-Giver
   152 | D        | Reached * piety under Zin
   152 | D        | Reached ** piety under Zin
   152 | D        | Reached *** piety under Zin
   152 | D        | Reached **** piety under Zin
   152 | D        | Reached ***** piety under Zin
   152 | D        | Reached ****** piety under Zin
   161 | D        | Noticed Sonja
   164 | D        | Killed Sonja
   165 | D        | Reached skill level 25 in Stealth
   165 | D        | Reached XP level 7. HP: 32/32 MP: 8/8
   182 | D        | Found Giuvof's Assorted Antiques.
   190 | D        | Bought a scroll labelled KAUDOXT TUSTA for 23 gold pieces
   190 | D        | Bought a scroll labelled VUOLOEM WYOGOO for 23 gold pieces
   190 | D        | Bought a scroll labelled EXASHE SETISO for 23 gold pieces
   190 | D        | Bought a scroll labelled KAUDOXT TUSTA for 23 gold pieces
   194 | D        | Noticed a shining eye
   194 | D        | Noticed a shining eye
   194 | D        | Noticed a shining eye
   194 | D        | Noticed a shining eye
   194 | D        | Noticed a shining eye
   194 | D        | Noticed a shining eye
   199 | D        | Reached XP level 8. HP: 37/37 MP: 9/9
   200 | D        | Noticed a shining eye
   200 | D        | Noticed a shining eye
   206 | D        | Reached skill level 26 in Stealth
   211 | D        | Killed a shining eye
   212 | D        | Reached skill level 5 in Evocations
   219 | D        | Killed a shining eye
   220 | D        | Reached skill level 27 in Stealth
   220 | D        | Reached XP level 9. HP: 44/44 MP: 10/10
   220 | D        | Killed a shining eye
   221 | D        | Reached skill level 5 in Short Blades
   248 | D        | Killed a shining eye
   263 | D        | Killed a shining eye
   264 | D        | Reached skill level 10 in Evocations
   279 | D        | Killed a shining eye
   280 | D        | Reached skill level 5 in Fighting
   299 | D        | Killed a shining eye
   300 | D        | Reached XP level 10. HP: 51/51 MP: 11/11
   320 | D        | Killed a shining eye
   332 | D        | Fell from the grace of Zin
   332 | D        | Became a worshipper of Gozag Ym Sagoz the Greedy
   414 | D        | Noticed a deep troll
   418 | D        | Killed a deep troll
   419 | D        | Reached skill level 10 in Dodging
   429 | D        | Found Umalad's Armour Emporium.
   471 | D        | Found Majyuvyf's Antique Weapon Shop.
   471 | D        | Found Jamon's Assorted Antiques.
   471 | D        | Found Fular's Distillery.
   471 | D        | Found Niufyn's Distillery.
   476 | D        | Bought a wand of iceblast (7) for 319 gold pieces
   476 | D        | Bought a grey potion for 17 gold pieces
   476 | D        | Bought a scroll labelled VUOLOEM WYOGOO for 19 gold pieces
   476 | D        | Bought a scroll labelled TUFALL FYNO for 19 gold pieces
   476 | D        | Bought a scroll labelled VUOLOEM WYOGOO for 19 gold pieces
   476 | D        | Bought a glass wand for 76 gold pieces
   519 | D        | Noticed a centaur warrior
   520 | D        | Noticed a centaur warrior
   522 | D        | Killed a centaur warrior
   522 | D        | Killed a centaur warrior
   592 | D        | Noticed an oklob plant
   594 | D        | Killed an oklob plant
   746 | D        | Reached skill level 15 in Evocations
   811 | D        | Reached XP level 11. HP: 42/58 MP: 12/12
   824 | D        | Reached skill level 10 in Short Blades
   869 | D        | Found Zoeff's Book Shoppe.
   869 | D        | Found Zirghon's Jewellery Shop.
   869 | D        | Found Kevihi's Assorted Antiques.
   875 | D        | Found Gin Zukk's Antique Armour Boutique.
   875 | D        | Found Bixunte's Assorted Antiques.
   875 | D        | Found Tadoempa's Jewellery Emporium.
   882 | D        | Found Aczod's Antique Armour Boutique.
   882 | D        | Found Fisk's Distillery.
   882 | D        | Found Fypno's Book Shop.
   882 | D        | Found Duxtiaju's Distillery.
   882 | D        | Found Onteisaje's Jewellery Boutique.
   882 | D        | Found Rajyg's Distillery.
   882 | D        | Found Serghith's Armour Shop.
   884 | D        | Bought a box of beasts for 920 gold pieces
   884 | D        | Bought a scroll labelled VUOLOEM WYOGOO for 23 gold pieces
   884 | D        | Bought a scroll labelled IRUALO FACI for 23 gold pieces
   884 | D        | Bought a scroll labelled VUOLOEM WYOGOO for 23 gold pieces
   884 | D        | Bought a scroll labelled ZOYLLU GILUCO for 23 gold pieces
   884 | D        | Bought 2 fuming emerald potions for 41 gold pieces
   884 | D        | Bought a scroll labelled IRUALO FACI for 23 gold pieces
   885 | D        | Bought a glowing cloak for 142 gold pieces
   886 | D        | Found Jun Pupn's Assorted Antiques.
   887 | D        | Bought an embroidered robe for 74 gold pieces
   894 | D        | Bought a scroll labelled IHONAA VYTHED for 19 gold pieces
   894 | D        | Bought a scroll labelled IHONAA VYTHED for 19 gold pieces
   894 | D        | Bought a wand of iceblast (9) for 410 gold pieces
   894 | D        | Bought a scroll of blinking for 142 gold pieces
   894 | D        | Bought a scroll labelled IHONAA VYTHED for 19 gold pieces
   894 | D        | Bought a scroll labelled VUOLOEM WYOGOO for 19 gold pieces
   894 | D        | Bought a scroll labelled EMEONT ERRUPSY for 19 gold pieces
   894 | D        | Bought a scroll labelled GAGGOIT ZEOLI for 19 gold pieces
   894 | D        | Bought a scroll labelled KISTISSUANI for 19 gold pieces
   894 | D        | Bought a scroll labelled YTRIRO CAUJE for 19 gold pieces
   895 | D        | Bought a tattered robe for 114 gold pieces
   895 | D        | Identified the +2 robe "Ompocymerph" {rF+ rCorr Str+4} (You
                  | bought it in a shop in the Dungeon)
   895 | D        | Bought an orange potion for 18 gold pieces
   895 | D        | Bought a tubular cabochon ring for 100 gold pieces
   895 | D        | Bought a jade ring for 100 gold pieces
   987 | D        | Found a viscous altar of Jiyva.
   987 | D        | Found a corrupted altar of Lugonu.
   988 | D        | Found a burning altar of Makhleb.
   988 | D        | Found a shimmering altar of Xom.
  1035 | D        | Bought the ring of Otrarupu {rElec rN++ rCorr MP+9 Int+6}
                  | for 1105 gold pieces
  1443 | D        | Bought a lightning rod (4/4) for 690 gold pieces
  1443 | D        | Bought a potion of curing for 69 gold pieces
  1485 | D        | Noticed a lindwurm
  1487 | D        | Killed a lindwurm
  1720 | D        | Bought a potion of heal wounds for 55 gold pieces
  1720 | D        | Bought a potion of mutation for 88 gold pieces
  1720 | D        | Bought a potion of mutation for 88 gold pieces
  1720 | D        | Bought a potion of haste for 110 gold pieces
  1720 | D        | Bought a potion of cancellation for 88 gold pieces
  1720 | D        | Bought a potion of mutation for 88 gold pieces
  1720 | D        | Bought a potion of degeneration for 11 gold pieces
  1720 | D        | Bought a potion of lignification for 33 gold pieces
  1720 | D        | Bought a potion of attraction for 33 gold pieces
  1843 | D        | Bought a potion of mutation for 112 gold pieces
  1843 | D        | Bought a potion of ambrosia for 112 gold pieces
  1843 | D        | Bought a potion of heal wounds for 70 gold pieces
  1843 | D        | Bought a potion of brilliance for 56 gold pieces
  1937 | D        | Noticed a lorocyproca
  1943 | D        | Killed a lorocyproca
  2318 | D        | Bought a glowing short sword for 138 gold pieces
  2322 | D        | Bought a potion of heal wounds for 65 gold pieces
  2322 | D        | Bought 2 potions of curing for 78 gold pieces
  2322 | D        | Bought a potion of mutation for 104 gold pieces
  2322 | D        | Bought a potion of ambrosia for 104 gold pieces
  2322 | D        | Bought a potion of flight for 39 gold pieces
  2324 | D        | Bought a potion of cancellation for 96 gold pieces
  2324 | D        | Bought 2 potions of might for 96 gold pieces
  2324 | D        | Bought a potion of invisibility for 96 gold pieces
  2324 | D        | Bought a potion of curing for 36 gold pieces
  2324 | D        | Bought 2 potions of heal wounds for 120 gold pieces
  2324 | D        | Bought a potion of resistance for 120 gold pieces
  2326 | D        | Bought a potion of curing for 42 gold pieces
  2326 | D        | Bought a potion of curing for 42 gold pieces
  2326 | D        | Bought a potion of heal wounds for 70 gold pieces
  2326 | D        | Bought a potion of curing for 42 gold pieces
  2326 | D        | Bought a potion of mutation for 112 gold pieces
  2383 | D        | Noticed a 12-headed hydra
  2385 | D        | Killed a 12-headed hydra
  2546 | D        | Bought a potion of cancellation for 112 gold pieces
  2546 | D        | Bought a potion of ambrosia for 112 gold pieces
  2549 | D        | Bought a potion of haste for 200 gold pieces
  2663 | D        | Noticed a shadow dragon
  2663 | D        | Noticed a golden dragon
  2664 | D        | Identified the +11 halberd of Caucatou {antimagic, rC+
                  | Str+4 Dex+4}
  2665 | D        | Killed a golden dragon
  2666 | D        | Reached skill level 15 in Dodging
  2666 | D        | Reached XP level 12. HP: 67/67 MP: 13/13
  2666 | D        | Killed a shadow dragon
  2667 | D        | Reached skill level 10 in Fighting
  2746 | D        | Found Jenasom's Assorted Antiques.
  2765 | D        | Bought 2 potions of curing for 192 gold pieces
  2765 | D        | Bought 2 scrolls of blinking for 480 gold pieces
  2765 | D        | Bought a potion of might for 128 gold pieces
  2765 | D        | Bought a shiny orb for 384 gold pieces
  2864 | D        | Bought a ring of flight for 227 gold pieces
  2932 | D        | Noticed a daeva
  3107 | D        | Noticed a fire giant
  3110 | D        | Noticed a fire giant
  3111 | D        | Noticed a fire giant
  3115 | D        | Noticed a fire giant
  3118 | D        | Killed a fire giant
  3120 | D        | HP: 2/68 [fire giant/+1 great sword of flaming (2)]
  3123 | D        | Killed a fire giant
  3125 | D        | Killed a fire giant
  3126 | D        | Killed a fire giant
  3279 | D        | Found the +4 dragonskin cloak
  3279 | D        | Noticed Tiamat
  3319 | D        | Demolished by Tiamat

Illustrated notes

Levels and vault maps discovered:
D:        dungeon_sprint_1 [red_sonja_temple_1, red_sonja_temple_small_1]

Skill      XL: |  1  2  3  4  5  6  7  8  9 10 11 12 |
---------------+-------------------------------------+-----
Stealth        | 8 13 18 25 27 | 27.0
Fighting       | 3 5 7 9 10 | 10.9
Short Blades   | 4 7 9 12 13 | 13.9
Dodging        | 6 9 12 15 16 | 16.5
Evocations     | 6 11 15 20 22 | 22.0

Action                     |  1- 3 |  4- 6 |  7- 9 | 10-12 || total
---------------------------+-------+-------+-------+-------++-------
  Melee: Club              |    10 |       |       |       ||    10
         Dagger            |       |     3 |    76 |   224 ||   303
         Punch             |       |       |     1 |     2 ||     3
         Short sword       |       |       |       |    57 ||    57
  Evoke: Wand              |     4 |     2 |       |    36 ||    42
         Box of beasts     |       |       |       |     2 ||     2
         Phantom mirror    |       |       |       |     2 ||     2
         Lightning rod     |       |       |       |     1 ||     1
    Use: Potion            |     2 |       |       |     7 ||     9
         Scroll            |       |       |       |    14 ||    14
   Stab: Sleeping          |       |     3 |     6 |    20 ||    29
         Invisible         |       |       |       |     1 ||     1
         Distracted        |       |       |       |     3 ||     3
 Armour: Robe              |       |       |       |     9 ||     9
  Dodge: Dodged            |     4 |     1 |       |   206 ||   211
